 Dungeon Crawl Stone Soup version 0.22.0-75-g3901e79 (webtiles) character file.

399 bev the Slasher (level 6, -8/53 HPs)
             Began as a Hill Orc Fighter on Sept 10, 2018.
             Killed by divine providence
             ... invoked by an orc priest
              (14 damage)
             ... on level 3 of the Dungeon on Sept 11, 2018.
             The game lasted 00:26:13 (3957 turns).

bev the Slasher (Hill Orc Fighter)                  Turns: 3957, Time: 00:26:20

Health: -8/53      AC:  7    Str: 19    XL:     6   Next: 84%
Magic:  6/6        EV:  8    Int:  9    God:
Gold:   136        SH:  9    Dex: 11    Spells: 5/5 levels left

rFire    . . .     SeeInvis .   a - +0 long sword
rCold    . . .     Gourm    .   c - +0 shield
rNeg     . . .     Faith    .   b - +0 scale mail
rPois    .         Spirit   .   (no helmet)
rElec    .         Reflect  .   (no cloak)
rCorr    .         Harm     .   (no gloves)
MR       .....                  (no boots)
Stlth    ..........             (no amulet)
HPRegen  0.17/turn              (no ring)
MPRegen  0.10/turn              (no ring)

@: no status effects
A: no striking features
a: Convert to Beogh


You were on level 3 of the Dungeon.
You were not hungry.

You visited 1 branch of the dungeon, and saw 3 of its levels.

You collected 136 gold pieces.

Inventory:

Hand Weapons
 a - a +0 long sword (weapon)
 e - a +1 dagger of pain
 g - a +0 short sword
 k - a +0 dagger
 n - a +0 hand axe
 p - a +0 dagger
 v - a +0 flail
 w - a +0 dagger
 A - a +0 war axe
Missiles
 z - 25 bolts
Armour
 b - a +0 scale mail (worn)
 c - a +0 shield (worn)
 h - a +0 robe
 t - a +0 scale mail
 B - a +0 ring mail
Jewellery
 m - an uncursed amulet of the acrobat {unknown}
Scrolls
 j - 2 scrolls of identify {unknown}
 l - 2 scrolls of fog {unknown}
 r - a scroll of noise {unknown}
 x - a scroll of teleportation {unknown}
 y - a scroll of immolation {unknown}
Potions
 d - 2 potions of might
 i - a potion of mutation {unknown}
 o - a potion of curing {unknown}
 q - a potion of brilliance {unknown}
 s - a potion of flight {unknown}
 u - a potion of heal wounds {unknown}
Comestibles
 f - 5 rations


   Skills:
 + Level 4.5 Fighting
 + Level 4.8 Long Blades
 + Level 4.7 Armour
 + Level 1.5 Dodging
 + Level 0.1 Stealth
 + Level 4.6 Shields


You had 5 spell levels left.
You didn't know any spells.
Your spell library was empty.

Dungeon Overview and Level Annotations

Branches:
Dungeon (3/15)

Altars:
Kikubaaqudgha
Zin


Message History

The orc priest mumbles some strange prayers to Beogh against you.
Pain shoots through your body!
Things that are here:
a war axe; a ring mail; an orc corpse
A - a war axe;
B - a ring mail An orc wizard comes into view.
It is wielding a dagger of protection.
The orc priest barely misses you.
You riposte.
The orc wizard shouts!
You hit the orc priest.
The orc priest threatens, "By the altar or by the axe, you will meet Beogh!"
The orc priest is moderately wounded.
Unknown command.
There are monsters nearby!
You closely miss the orc wizard. The orc wizard casts a spell at you.
The puff of flame hits you!
* * * LOW HITPOINT WARNING * * *
The orc priest invokes the aid of Beogh against you.
Beogh smites you!
You die...

.# ##.## #... ### #..#
#.. ... ### #o# #.#...
#.###.#.# #oo.....#.#.
#@.##.###.#. #
#######..##.# .. .
#........##.# #. #
#.######.##.#####.######
#.# #.##.............
#.# #.##..#####.##...
#.# #.#.>............
#.######.#..##.....##...
#.#......#..##.######...


You could see an orc priest and 2 orc wizards.

Vanquished Creatures
  Sigmund (D:3)
  A scorpion (D:2)
  2 vampire bats (D:3)
  4 adders
  An ooze (D:1)
  A dart slug (D:1)
  A leopard gecko (D:1)
  3 orcs (D:3)
  4 ball pythons
  5 bat skeletons (D:3)
  A giant cockroach (D:3)
  4 hobgoblins
  3 jackals (D:1)
  8 bats
  4 frilled lizards
  5 goblins
  6 kobolds
  16 rats
70 creatures vanquished.

Notes
Turn   | Place    | Note
-------+----------+-------------------------------------------
     0 | D:1      | bev the Hill Orc Fighter began the quest for the Orb.
     0 | D:1      | Reached XP level 1. HP: 19/19 MP: 1/1
   202 | D:1      | Reached XP level 2. HP: 27/27 MP: 2/2
   606 | D:1      | Reached XP level 3. HP: 29/33 MP: 3/3
  2668 | D:2      | Found a faded altar of an unknown god.
  2686 | D:2      | Reached XP level 4. HP: 27/40 MP: 4/4
  3187 | D:2      | Upgraded the game from 0.22.0-60-ga52c2fc to
                  | 0.22.0-75-g3901e79
  3250 | D:3      | Reached XP level 5. HP: 46/46 MP: 5/5
  3439 | D:3      | Reached skill level 1 in Dodging
  3531 | D:3      | Found an ancient bone altar of Kikubaaqudgha.
  3572 | D:3      | Reached XP level 6. HP: 48/53 MP: 6/6
  3694 | D:3      | Noticed Sigmund
  3702 | D:3      | Killed Sigmund
  3727 | D:3      | Found a glowing silver altar of Zin.
  3957 | D:3      | Killed from afar by an orc priest

Skill      XL: |  1  2  3  4  5 |
---------------+----------------+-----
Fighting       | 4 |  4.5
Long Blades    | 3 4 |  4.8
Armour         | 4 |  4.7
Shields        | 4 |  4.6
Dodging        | 1 |  1.5
Stealth        | |  0.1

Action                   |  1- 3 |  4- 6 || total
-------------------------+-------+-------++-------
Melee: Long sword        |    96 |   129 ||   225
  Eat: Ration            |     1 |     2 ||     3
       Chunk             |       |     1 ||     1
Armor: Scale mail        |    65 |    93 ||   158
Dodge: Dodged            |    47 |    69 ||   116
Block: Shield            |    64 |    81 ||   145
       Rpst.: Long sword |    11 |    22 ||    33
